Rei vs Ruby

Match 17683320
End
Construct Barracks
Selects Armored Battlegroup
Selects Armored Battlegroup
Selects Veteran Crews
Selects Fast Deploy
1⁄4-ton 4x4 Truck
1⁄4-ton 4x4 Truck
Riflemen Squad
Riflemen Squad
Infantry Support Center
Grenade Package
Construct Motor Pool
Selects M31 Recovery Vehicle
M8 Greyhound Armored Car
Engineer Squad
Selects War Machine
M8 Greyhound Armored Car
M8 Greyhound Armored Car
Construct Medical Station
Riflemen Squad
Selects Seek and Destroy
M1 Anti-tank Gun Team
M1918 Browning Automatic Rifles
Riflemen Squad
Construct Tank Depot
M4(105) Sherman Bulldozer
M18 Hellcat Tank Destroyer
Selects M4A3E8 Sherman Combat Group
M4A3E8 Sherman Combat Group
M4(105) Sherman Bulldozer
M18 Hellcat Tank Destroyer
M4(105) Sherman Bulldozer
M18 Hellcat Tank Destroyer
Seek and Destroy
Rei
Ruby
0
0

Comments sign in to comment!

No comments posted yet!